Map: Dusk Towers

Players

Miszu - Winner!

  • Race: Terran Terran
  • League: Grandmaster

Mix

  • Race: Zerg Zerg
  • League: Grandmaster

VOD

Have the link to the VOD?

Description

Time

  • Played on: Feb. 19, 2016, 6:42 p.m.
  • Length: 4:42
Show
View Real Time Build Order
Export as new Build Order

Miszu Terran - Winner!

Build Orders:  

Get SALT Encoding   

  12  0:01  SCV  
  13  0:14  SCV  
  13  0:21  Supply Depot  
  14  0:26  SCV  
  16  0:42  SCV  
  16  0:44  Barracks  
  16  0:48  Refinery  
  16  0:54  SCV  
  17  1:07  SCV  
  18  1:19  SCV  
  20  1:33  Orbital Command  
  20  1:34  Barracks Reactor  
  19  1:41  Command Center  
  19  1:50  Supply Depot  
  19  1:59  SCV  
  20  2:11  Reaper x2, SCV  
  23  2:24  SCV  
  23  2:27  Barracks  
  23  2:29  Command Center  
  24  2:36  SCV  
  25  2:46  Reaper x2  
  25  2:48  SCV  
  28  2:53  Orbital Command  
  28  3:00  Refinery, SCV  
  30  3:12  SCV  
  30  3:20  Reaper  
  30  3:21  Barracks  
  30  3:23  Barracks  
  30  3:25  SCV  
  32  3:34  SCV  
  30  3:44  Reaper  
  27  4:20  SCV  
  27  4:22  Bunker  
Show
View Real Time Build Order
Export as new Build Order

Mix Zerg 

Build Orders: Hatch First 

Get SALT Encoding   

  12  0:01  Drone  
  13  0:11  Drone  
  14  0:25  Overlord  
  14  0:44  Drone x3  
  17  0:56  Hatchery  
  16  1:08  Spawning Pool  
  15  1:11  Extractor  
  15  1:18  Drone x2  
  16  1:38  Overlord  
  16  1:49  Drone  
  17  1:55  Roach Warren  
  17  1:59  Queen  
  18  2:02  Zergling x4  
  20  2:13  Queen  
  22  2:37  Roach  
  22  2:38  Roach x2  
  28  3:04  Ravager  
  28  3:05  Ravager  
  30  3:17  Roach  
  30  3:18  Zergling x8  
  34  3:39  Roach  
  27  3:56  Roach x4  
  29  4:10  Roach  
Tags
 
Add a new tag
Caveats
  • Supply blocks, unpowered buildings, or Contaminate may cause inaccurate times.
  • Supply counts are checked every 10 seconds.